 Dungeon Crawl Stone Soup version 0.21-a0-349-g0c35859 (webtiles) character file.

8299 Monsterracer the Thaumaturge (level 11, -3/81 HPs)
             Began as a Gnoll Wizard on Oct 7, 2017.
             Was a Believer of Ashenzari.
             Slain by vishdafish's ghost (5 damage)
             ... on level 1 of the Lair of Beasts.
             The game lasted 00:29:46 (14309 turns).

Monsterracer the Thaumaturge (Gnoll Wizard)        Turns: 14309, Time: 00:29:46

Health: -3/81      AC: 17    Str: 10    XL:     11   Next: 28%
Magic:  3/24       EV: 14    Int: 24    God:    Ashenzari [**....]
Gold:   463        SH:  0    Dex: 13    Spells: 11/28 levels left

rFire    . . .     SeeInvis .   a - +0 halberd (curse)
rCold    . . .     Gourm    +   (shield currently unavailable)
rNeg     . . .     Faith    .   s - +1 leather armour {rPois}
rPois    +         Spirit   .   O - +2 helmet
rElec    .         Reflect  .   f - +2 cloak (curse)
rCorr    .         Harm     .   M - +2 pair of gloves
MR       .....                  (no boots)
Stlth    ++........             v - amulet of the gourmand (curse)
HPRegen  0.23/turn              E - +3 ring of protection (curse)
MPRegen  0.19/turn              y - ring of loudness (curse)

@: heavily drained
A: distributed training, fangs 1, strong nose
a: Curse Item, Scrying, Renounce Religion


You were on level 1 of the Lair of Beasts.
You worshipped Ashenzari.
Ashenzari was pleased with you.
You were very full.

You visited 2 branches of the dungeon, and saw 11 of its levels.
You also visited: Ossuary.

You collected 518 gold pieces.
You spent 55 gold pieces at shops.

Inventory:

Hand Weapons
 a - a cursed +0 halberd (weapon)
 N - the +6 hunting sling "Xiuloqun" {flame, rElec}
   (You found it on level 9 of the Dungeon)

   It causes projectiles fired from it to burn those they strike, causing extra
   injury to most foes and up to half again as much damage against particularly
   susceptible opponents.
   It insulates you from electricity.
Missiles
 t - 17 poisoned needles
 G - 7 needles of sleeping
 H - 3 throwing nets (quivered)
 L - 6 curare-tipped needles
Armour
 f - a cursed +2 cloak (worn)
 r - a +0 buckler
 s - a +1 leather armour of poison resistance (worn)
 I - a +2 robe of magic resistance
 M - a +2 pair of gloves (worn)
 O - a +2 helmet (worn)
Magical Staves
 j - an uncursed staff of energy
Jewellery
 v - a cursed amulet of the gourmand (around neck)
 y - a cursed ring of loudness (right hand)
 E - a cursed +3 ring of protection (left hand)
Wands
 w - a wand of lightning (4/15)
Scrolls
 b - 10 scrolls of identify
 c - 2 scrolls of fog
 m - a scroll of amnesia
 q - 4 scrolls of teleportation
 u - 3 scrolls of blinking
 B - 3 scrolls of immolation
 F - 4 scrolls of recharging
 K - 3 scrolls of fear
Potions
 e - a potion of haste
 g - a potion of mutation
 h - 3 potions of heal wounds
 k - 3 potions of might
 l - a potion of cancellation
 n - a potion of invisibility
 o - 2 potions of ambrosia
 p - 5 potions of lignification
 x - 6 potions of curing
 A - 3 potions of flight
 C - 2 potions of magic
 D - 4 potions of agility
Comestibles
 d - 18 bread rations
 i - 2 royal jellies
 z - 6 fruits
 J - 4 meat rations


   Skills:
 + Level 6.0(4.2) Fighting
 + Level 6.0(4.2) Short Blades
 + Level 6.0(4.2) Long Blades
 + Level 6.0(4.2) Axes
 + Level 6.0(4.2) Maces & Flails
 + Level 6.0(7.2) Polearms
 + Level 6.0(4.2) Staves
 + Level 6.0(4.2) Slings
 + Level 6.0(4.2) Bows
 + Level 6.0(4.2) Crossbows
 + Level 6.0(4.2) Throwing
 + Level 6.0(4.2) Armour
 + Level 7.6(5.8) Dodging
 + Level 7.4(5.6) Stealth
 + Level 6.0(4.2) Shields
 + Level 6.0(4.2) Unarmed Combat
 + Level 9.4(7.5) Spellcasting
 + Level 6.6(7.1) Conjurations
 + Level 6.0(6.4) Hexes
 + Level 6.0(6.4) Charms
 + Level 6.6(7.1) Summonings
 + Level 6.0(6.4) Necromancy
 + Level 6.6(7.1) Translocations
 + Level 6.0(6.4) Transmutations
 + Level 6.0(6.4) Fire Magic
 + Level 6.0(6.4) Ice Magic
 + Level 6.0(6.4) Air Magic
 + Level 6.0(6.4) Earth Magic
 + Level 6.0(6.4) Poison Magic
 + Level 6.0(4.2) Invocations
 + Level 6.0(6.4) Evocations


You had 11 spell levels left.
You knew the following spells:

 Your Spells              Type           Power        Failure   Level  Hunger
a - Magic Dart            Conj           ####         1%          1    None
b - Conjure Flame         Conj/Fire      #####...     1%          3    None
c - Mephitic Cloud        Conj/Pois/Air  #####...     1%          3    None
d - Fulminant Prism       Conj/Hex       #####.....   5%          4    ###....
e - Blink                 Tloc           N/A          1%          2    None
f - Iskenderun's Mystic   Conj           #####...     4%          4    ###....


Dungeon Overview and Level Annotations

Branches:
Dungeon (10/15)            Temple (0/1) D:7            Lair (1/6) D:8
    Orc (0/2) D:10

Altars:
Ashenzari
Cheibriados
Elyvilon
Gozag
Kikubaaqudgha
Qazlal
Ru
Sif Muna
Trog
Uskayaw
Zin
The Shining One

Shops:
D:5 *   D:6 *

Annotations:
D:4 Monsterracer's ghost, amateur GnWz
Lair:1 vishdafish's ghost, journeyman TrNe


Innate Abilities, Weirdness & Mutations

Your experience applies equally to all skills.
You have very sharp teeth.
Your uncanny sense of smell can sniff out nearby items.


Message History

The orb of energy hits vishdafish's ghost.
Vishdafish's ghost is heavily damaged.
* * * LOW MAGIC WARNING * * *
Vishdafish's ghost is engulfed in blazing flames.
Vishdafish's ghost closely misses you.
You barely miss vishdafish's ghost.
Vishdafish's ghost is severely damaged.
Vishdafish's ghost is engulfed in blazing flames.
Vishdafish's ghost closely misses you.
Press: ? - help, v - describe, . - travel
Here: vishdafish's ghost, wielding a weapon of draining (flame, severely damaged)
The floor.
You hit vishdafish's ghost.
Vishdafish's ghost is severely damaged.
Vishdafish's ghost is engulfed in blazing flames.
Vishdafish's ghost hits you!!
* * * LOW HITPOINT WARNING * * *
You feel drained.
* * * LOW HITPOINT WARNING * * *
Huge Dmg: -36%(-29hp) hp: 19%(15hp) Unknown command.
Press: ? - help, v - describe, . - travel
Here: vishdafish's ghost, wielding a weapon of draining (flame, severely damaged)
The floor.
You hit vishdafish's ghost.
Vishdafish's ghost is severely damaged.
Vishdafish's ghost hits you!
* * * LOW HITPOINT WARNING * * *
You feel drained.
You die...

#.............#
#......>......#
#.............##
..............P#
..............#
..............##
#..............##
###.............##
#.)........##.@#
####.......##.W.#
##P#######..## ###
#..# #..# ...#*
*#...* #...* ,


You could see vishdafish's ghost.

Vanquished Creatures
  Erolcha (D:9)
  A hydra (Lair:1)
  A two-headed ogre (D:8)
  Nergalle (Lair:1)
  A black mamba (Lair:1)
  A komodo dragon (Lair:1)
  A troll (D:10)
  2 wargs (D:8)
  6 orc warriors
  A porcupine (Lair:1)
  4 ice beasts
  3 sky beasts
  2 black bears
  A necrophage (D:8)
  5 ogres
  3 crocodiles (Lair:1)
  A centaur (D:8)
  5 bullfrogs
  4 scorpions
  3 killer bees (D:10)
  2 crimson imps
  3 centaur zombies (Ossuary)
  A quasit (D:7)
  2 hounds
  6 bullfrog zombies
  2 gnoll shamans
  A jelly (D:8)
  4 orc priests
  10 orc wizards
  An iguana (D:5)
  Natasha (thrice) (D:3)
  5 worker ants
  A killer bee zombie (Ossuary)
  A hound zombie (Ossuary)
  13 mummies (Ossuary)
  A howler monkey zombie (D:6)
  5 worker ant zombies (Ossuary)
  15 gnolls
  7 adders
  2 howler monkey skeletons
  2 shadow imps
  5 adder zombies
  An adder skeleton (D:5)
  A worm (D:2)
  A dart slug (D:1)
  2 leopard geckos
  52 orcs
  3 ball pythons (D:1)
  5 giant cockroaches
  8 goblins
  2 hobgoblins (D:1)
  7 jackals
  2 quokkas
  5 bats
  3 frilled lizards
  A jackal skeleton (D:8)
  5 kobolds
  3 leopard gecko zombies (Ossuary)
  A quokka skeleton (D:7)
  2 quokka zombies
  6 rats
  A withered plant (Ossuary)
250 creatures vanquished.

Vanquished Creatures (collateral kills)
  An adder (D:6)
1 creature vanquished.

Vanquished Creatures (others)
  18 fulminant prisms
  A plant (D:4)
  3 withered plants (Ossuary)
22 creatures vanquished.

Grand Total: 273 creatures vanquished

Notes
Turn   | Place    | Note
-------+----------+-------------------------------------------
     0 | D:1      | Monsterracer the Gnoll Wizard began the quest for the Orb.
     0 | D:1      | Reached XP level 1. HP: 13/13 MP: 8/8
   232 | D:1      | Reached XP level 2. HP: 19/19 MP: 7/10
   438 | D:1      | Reached XP level 3. HP: 18/25 MP: 0/11
   443 | D:1      | Learned a level 3 spell: Conjure Flame
   447 | D:1      | Learned a level 3 spell: Mephitic Cloud
   450 | D:1      | Learned a level 2 spell: Blink
  1600 | D:2      | Found a glowing golden altar of the Shining One.
  1610 | D:2      | HP: 11/25 [worm (5)]
  2065 | D:3      | Noticed Natasha
  2072 | D:3      | Killed Natasha
  2072 | D:3      | Reached skill level 1 in Fighting
  2072 | D:3      | Reached skill level 1 in Short Blades
  2072 | D:3      | Reached skill level 1 in Long Blades
  2072 | D:3      | Reached skill level 1 in Axes
  2072 | D:3      | Reached skill level 1 in Maces & Flails
  2072 | D:3      | Reached skill level 1 in Polearms
  2072 | D:3      | Reached skill level 1 in Staves
  2072 | D:3      | Reached skill level 1 in Slings
  2072 | D:3      | Reached skill level 1 in Bows
  2072 | D:3      | Reached skill level 1 in Crossbows
  2072 | D:3      | Reached skill level 1 in Throwing
  2072 | D:3      | Reached skill level 1 in Armour
  2072 | D:3      | Reached skill level 1 in Shields
  2072 | D:3      | Reached skill level 1 in Unarmed Combat
  2072 | D:3      | Reached skill level 1 in Hexes
  2072 | D:3      | Reached skill level 1 in Charms
  2072 | D:3      | Reached skill level 1 in Necromancy
  2072 | D:3      | Reached skill level 1 in Transmutations
  2072 | D:3      | Reached skill level 1 in Fire Magic
  2072 | D:3      | Reached skill level 1 in Ice Magic
  2072 | D:3      | Reached skill level 1 in Air Magic
  2072 | D:3      | Reached skill level 1 in Earth Magic
  2072 | D:3      | Reached skill level 1 in Poison Magic
  2072 | D:3      | Reached skill level 1 in Invocations
  2072 | D:3      | Reached skill level 1 in Evocations
  2072 | D:3      | Reached XP level 4. HP: 21/32 MP: 5/13
  2318 | D:3      | Found a stormy altar of Qazlal.
  2318 | D:3      | Noticed Natasha
  2328 | D:3      | Killed Natasha
  2464 | D:3      | Found a sacrificial altar of Ru.
  2550 | D:3      | Noticed Natasha
  2555 | D:3      | HP: 15/32 [Natasha/magic dart (10)]
  2557 | D:3      | Killed Natasha
  2557 | D:3      | Reached XP level 5. HP: 18/37 MP: 6/14
  3013 | D:3      | Found a bloodstained altar of Trog.
  3279 | D:3      | HP: 17/37 [gnoll shaman/whip (8)]
  3690 | D:4      | Found a snail-covered altar of Cheibriados.
  3690 | D:4      | Found a hide-covered altar of Uskayaw.
  3715 | D:4      | HP: 18/37 [jackal (1)]
  3716 | D:4      | HP: 8/37 [jackal (2)]
  3733 | D:4      | HP: 19/38 [poisoned by a worker ant]
  3740 | D:4      | HP: 18/38 [poisoned by a worker ant]
  3748 | D:4      | HP: 17/38 [poisoned by a worker ant]
  3946 | D:4      | Reached XP level 6. HP: 39/44 MP: 8/16
  4106 | D:4      | Found a shattered altar of Ashenzari.
  4110 | D:4      | Saw a vision of the Swamp and the Spider Nest.
  4110 | D:4      | Noticed a hornet
  4110 | D:4      | Noticed a redback
  4110 | D:4      | Noticed a swamp drake
  4110 | D:4      | Noticed a wolf spider
  4110 | D:4      | Noticed a wolf spider
  4110 | D:4      | Noticed a water moccasin
  4110 | D:4      | Noticed a wolf spider
  4110 | D:4      | Noticed a redback
  4110 | D:4      | Noticed a wolf spider
  4110 | D:4      | Noticed a redback
  4110 | D:4      | Noticed Monsterracer's ghost (amateur GnWz)
  4114 | D:4      | Became a worshipper of Ashenzari the Shackled
  4138 | D:4      | Learned a level 4 spell: Iskenderun's Mystic Blast
  4143 | D:4      | Learned a level 4 spell: Fulminant Prism
  4497 | D:4      | Found a white marble altar of Elyvilon.
  4528 | D:5      | Entered Level 5 of the Dungeon
  4585 | D:5      | Reached skill level 5 in Dodging
  5035 | D:5      | Reached XP level 7. HP: 50/50 MP: 1/18
  5307 | D:5      | Found an ancient bone altar of Kikubaaqudgha.
  5325 | D:5      | Found Zin's Purification Station.
  5326 | D:5      | Found a glowing silver altar of Zin.
  5582 | D:6      | Found a sand-covered staircase.
  5591 | Ossuary  | Entered an ossuary
  5784 | Ossuary  | Reached skill level 5 in Stealth
  5846 | Ossuary  | HP: 20/51 [bog mummy (8)]
  6034 | Ossuary  | Reached XP level 8. HP: 57/57 MP: 15/19
  6148 | Ossuary  | Reached * piety under Ashenzari
  6729 | D:5      | Reached skill level 8 in Spellcasting
  6872 | D:6      | Found Naojouwyo's Assorted Antiques.
  7277 | D:6      | Reached XP level 9. HP: 56/65 MP: 16/21
  7360 | D:6      | Bought a murky inky potion for 26 gold pieces
  7360 | D:6      | Bought a scroll labeled DATATWEPNA for 29 gold pieces
  7946 | D:7      | Found a staircase to the Ecumenical Temple.
  8623 | D:7      | Reached skill level 5 in Conjurations
  8623 | D:7      | Reached skill level 5 in Summonings
  8623 | D:7      | Reached skill level 5 in Translocations
  9018 | D:8      | HP: 25/65 [black bear (9)]
  9646 | D:8      | HP: 33/66 [orc warrior/long sword (3)]
  9655 | D:8      | HP: 17/66 [warg (17)]
  9656 | D:8      | HP: 5/66 [warg (12)]
 10365 | D:8      | Found a staircase to the Lair.
 10645 | D:8      | Noticed a two-headed ogre
 10651 | D:8      | HP: 32/66 [two-headed ogre/dire flail of protection (7)]
 10652 | D:8      | HP: 11/66 [two-headed ogre/dire flail of protection (21)]
 10652 | D:8      | HP: 4/66 [two-headed ogre/dire flail of protection (7)]
 10953 | D:8      | Reached XP level 10. HP: 69/73 MP: 18/22
 11135 | D:8      | Killed a two-headed ogre
 11240 | D:8      | Reached skill level 5 in Fighting
 11240 | D:8      | Reached skill level 5 in Short Blades
 11240 | D:8      | Reached skill level 5 in Long Blades
 11240 | D:8      | Reached skill level 5 in Axes
 11240 | D:8      | Reached skill level 5 in Maces & Flails
 11240 | D:8      | Reached skill level 5 in Polearms
 11240 | D:8      | Reached skill level 5 in Staves
 11240 | D:8      | Reached skill level 5 in Slings
 11240 | D:8      | Reached skill level 5 in Bows
 11240 | D:8      | Reached skill level 5 in Crossbows
 11240 | D:8      | Reached skill level 5 in Throwing
 11240 | D:8      | Reached skill level 5 in Armour
 11240 | D:8      | Reached skill level 5 in Shields
 11240 | D:8      | Reached skill level 5 in Unarmed Combat
 11240 | D:8      | Reached skill level 5 in Hexes
 11240 | D:8      | Reached skill level 5 in Charms
 11240 | D:8      | Reached skill level 5 in Necromancy
 11240 | D:8      | Reached skill level 5 in Transmutations
 11240 | D:8      | Reached skill level 5 in Fire Magic
 11240 | D:8      | Reached skill level 5 in Ice Magic
 11240 | D:8      | Reached skill level 5 in Air Magic
 11240 | D:8      | Reached skill level 5 in Earth Magic
 11240 | D:8      | Reached skill level 5 in Poison Magic
 11240 | D:8      | Reached skill level 5 in Invocations
 11240 | D:8      | Reached skill level 5 in Evocations
 11566 | D:8      | Found a deep blue altar of Sif Muna.
 11619 | D:8      | Reached ** piety under Ashenzari
 11912 | D:9      | Identified the +6 hunting sling "Xiuloqun" {flame, rElec}
 11994 | D:9      | HP: 37/74 [orc warrior/tomahawk (4)]
 12330 | D:9      | Noticed Erolcha
 12351 | D:9      | Killed Erolcha
 12351 | D:9      | Reached skill level 9 in Spellcasting
 12802 | D:10     | Entered Level 10 of the Dungeon
 13357 | D:10     | Found an opulent altar of Gozag.
 13526 | D:10     | Found a staircase to the Orcish Mines.
 13735 | Lair:1   | Entered Level 1 of the Lair of Beasts
 13852 | Lair:1   | Noticed a five-headed hydra
 13863 | Lair:1   | Reached XP level 11. HP: 73/81 MP: 8/24
 13864 | Lair:1   | Killed a five-headed hydra
 14120 | Lair:1   | Noticed Nergalle
 14148 | Lair:1   | Killed Nergalle
 14296 | Lair:1   | Noticed vishdafish's ghost (journeyman TrNe)
 14308 | Lair:1   | HP: 17/81 [vishdafish's ghost (28)]
 14309 | Lair:1   | HP: 2/81 [vishdafish's ghost (13)]
 14309 | Lair:1   | Slain by vishdafish's ghost

Vault maps used:
D:1:      dpeg_arrival_rhombi, minmay_split_cup_small
D:2:      tso_altar
D:3:      overflow_temple_1_default, lemuel_crystal_altar, first_bread,
          nicolae_qazlal_eye_of_the_storm, uniq_natasha
D:4:      kennysheep_mini_moat, chequers_temple_overflow_statue_of_worship,
          grunt_ashenzari_visionary
D:5:      old_standard_altar, zin_purify
D:6:      serial_shops, shop, enter_ossuary_1
D:7:      minmay_temple_entry_large_hall, serial_glass, glass_columns_b,
          glass_columns_a, grunt_ogre_cave
D:8:      lemuel_doored_altar, erik_lair_orcish_takeover
D:9:      special_room, uniq_erolcha
D:10:     orc_0_dummy, nicolae_gozag_seed_capital
Lair:1:   uniq_nergalle
Ossuary:  ossuary_zaba_flooded

Skill      XL: |  1  2  3  4  5  6  7  8  9 10 11 |
---------------+----------------------------------+-----
Fighting       | 1 2 3 4 5 6 |  6.0
Short Blades   | 1 2 3 4 5 6 |  6.0
Long Blades    | 1 2 3 4 5 6 |  6.0
Axes           | 1 2 3 4 5 6 |  6.0
Maces & Flails | 1 2 3 4 5 6 |  6.0
Polearms       | 1 2 3 4 5 6 |  6.0
Staves         | 1 2 3 4 5 6 |  6.0
Slings         | 1 2 3 4 5 6 |  6.0
Bows           | 1 2 3 4 5 6 |  6.0
Crossbows      | 1 2 3 4 5 6 |  6.0
Throwing       | 1 2 3 4 5 6 |  6.0
Armour         | 1 2 3 4 5 6 |  6.0
Shields        | 1 2 3 4 5 6 |  6.0
Unarmed Combat | 1 2 3 4 5 6 |  6.0
Hexes          | 1 2 3 4 5 6 |  6.0
Charms         | 1 2 3 4 5 6 |  6.0
Necromancy     | 1 2 3 4 5 6 |  6.0
Transmutations | 1 2 3 4 5 6 |  6.0
Fire Magic     | 1 2 3 4 5 6 |  6.0
Ice Magic      | 1 2 3 4 5 6 |  6.0
Air Magic      | 1 2 3 4 5 6 |  6.0
Earth Magic    | 1 2 3 4 5 6 |  6.0
Poison Magic   | 1 2 3 4 5 6 |  6.0
Invocations    | 1 2 3 4 5 6 |  6.0
Evocations     | 1 2 3 4 5 6 |  6.0
Conjurations   | 3 4 5 6 |  6.6
Summonings     | 3 4 5 6 |  6.6
Translocations | 3 4 5 6 |  6.6
Dodging        | 5 6 7 |  7.6
Stealth        | 5 6 7 |  7.4
Spellcasting   | 8 9 |  9.4

Action                   |  1- 3 |  4- 6 |  7- 9 | 10-12 || total
-------------------------+-------+-------+-------+-------++-------
Melee: Unarmed           |     2 |       |       |       ||     2
       Dagger            |     7 |     2 |       |       ||     9
       Rapier            |       |    12 |       |       ||    12
       Bite              |       |     3 |    29 |    13 ||    45
       Halberd           |       |    23 |   386 |   200 ||   609
 Cast: Magic Dart        |    71 |   117 |   208 |    94 ||   490
       Mephitic Cloud    |       |     2 |     8 |     5 ||    15
       Conjure Flame     |       |     4 |    22 |    12 ||    38
       Blink             |       |     1 |    11 |     2 ||    14
       Fulminant Prism   |       |       |     7 |    11 ||    18
       Iskenderun's Myst |       |       |     2 |     7 ||     9
Invok: Curse Item        |       |       |     2 |     1 ||     3
  Use: Potion            |       |     2 |       |       ||     2
       Scroll            |       |    18 |     8 |     5 ||    31
 Stab: Sleeping          |     1 |       |     1 |     3 ||     5
       Confused          |       |     1 |     2 |     2 ||     5
       Distracted        |       |       |     2 |       ||     2
  Eat: Chunk             |     3 |    10 |    17 |    19 ||    49
       Fruit             |       |       |     3 |       ||     3
Armor: Robe              |     6 |    16 |   150 |    58 ||   230
       Leather armour    |       |       |       |     8 ||     8
Dodge: Dodged            |    21 |    41 |   320 |   162 ||   544

Table legend:
 A = Spawn XP
 B = Non-spawn XP
 C = Spawn XP percentage of total XP
 D = Spawn monster count
 E = Non-spawn monster count
 F = Spawn count percentage of total count
 G = Total turns spent on level
                    A         B        C        D         E        F      G
               +---------+---------+-------+---------+---------+-------+---------
         Total |       0 |   11856 |   0.0 |       0 |     250 |   0.0 | 14309
               +---------+---------+-------+---------+---------+-------+---------
           D:1 |       0 |      47 |   0.0 |       0 |      30 |   0.0 |  1179
           D:2 |       0 |       8 |   0.0 |       0 |       3 |   0.0 |   781
           D:3 |       0 |     215 |   0.0 |       0 |      16 |   0.0 |  1701
           D:4 |       0 |      70 |   0.0 |       0 |      11 |   0.0 |   867
           D:5 |       0 |     793 |   0.0 |       0 |      23 |   0.0 |  1572
           D:6 |       0 |     481 |   0.0 |       0 |      18 |   0.0 |   584
           D:7 |       0 |    1515 |   0.0 |       0 |      31 |   0.0 |  2262
           D:8 |       0 |    2289 |   0.0 |       0 |      31 |   0.0 |  2139
           D:9 |       0 |    1694 |   0.0 |       0 |      35 |   0.0 |   890
          D:10 |       0 |     901 |   0.0 |       0 |      11 |   0.0 |   874
        Lair:1 |       0 |    3080 |   0.0 |       0 |       8 |   0.0 |   574
       Ossuary |       0 |     763 |   0.0 |       0 |      33 |   0.0 |   886
               +---------+---------+-------+---------+---------+-------+---------

Vault maps used:
D:1:      dpeg_arrival_rhombi, minmay_split_cup_small
D:2:      tso_altar
D:3:      overflow_temple_1_default, lemuel_crystal_altar, first_bread,
          nicolae_qazlal_eye_of_the_storm, uniq_natasha
D:4:      kennysheep_mini_moat, chequers_temple_overflow_statue_of_worship,
          grunt_ashenzari_visionary
D:5:      old_standard_altar, zin_purify
D:6:      serial_shops, shop, enter_ossuary_1
D:7:      minmay_temple_entry_large_hall, serial_glass, glass_columns_b,
          glass_columns_a, grunt_ogre_cave
D:8:      lemuel_doored_altar, erik_lair_orcish_takeover
D:9:      special_room, uniq_erolcha
D:10:     orc_0_dummy, nicolae_gozag_seed_capital
Lair:1:   uniq_nergalle
Ossuary:  ossuary_zaba_flooded
